 Dungeon Crawl Stone Soup version 0.18-a0-822-gb52b7b4 (webtiles) character file.

773 Banto the Ducker (level 7, 0/27 HPs)
             Began as a Felid Summoner on Dec 17, 2015.
             Was a Follower of Fedhas.
             Slain by a white imp (3 damage)
             ... summoned by Eustachio
             ... on level 7 of the Dungeon.
             The game lasted 00:15:52 (8511 turns).

Banto the Ducker (Felid Summoner)                   Turns: 8511, Time: 00:15:53

Health: 0/27       AC:  3    Str:  4      XL:     7   Next: 53%
Magic:  3/12       EV: 22    Int: 18      God:    Fedhas [*.....]
Gold:   309        SH:  0    Dex: 18 (20) Spells: 4 memorised, 0 levels left
                                        Lives:  0   Deaths: 2

rFire  . . .     SeeInvis +       - Unarmed
rCold  . . .     Gourm    .     (armour unavailable)
rNeg   . . .     Faith    .     (shield unavailable)
rPois  +         Spirit   .     (helmet unavailable)
rElec  .         Dismiss  +     (cloak unavailable)
rCorr  .         Reflect  .     (gloves unavailable)
SustAt .         Harm     .     (boots unavailable)
MR     +....                    f - amulet of dismissal
Stlth  +++.......               r - ring of wizardry
                                y - ring "Buwkoz" {rPois Dex+3}

@: quick, somewhat resistant to hostile enchantments, fairly stealthy
A: no armour, no weapons or thrown items, claws 1, fangs 3, rugged brown scales
1, see invisible, carnivore 3, speed 1, sense surroundings 1, shaggy fur 2, slow
metabolism 1, MP-powered wands, sharp paws
a: Evolution, Renounce Religion


You were on level 7 of the Dungeon.
You worshipped Fedhas.
Fedhas was aware of your devotion.
You were very full.

You visited 2 branches of the dungeon, and saw 8 of its levels.

You collected 309 gold pieces.

Inventory:

Jewellery
 f - an amulet of dismissal (around neck)
 k - a +3 ring of strength
 r - a ring of wizardry (right paw)
 t - an uncursed ring of protection from fire
 u - a +5 ring of strength
 v - a +1 ring of protection
 y - the ring "Buwkoz" (left paw) {rPois Dex+3}
   (You found it on level 7 of the Dungeon)

   [ring of poison resistance]

   It affects your dexterity (+3).
   It protects you from poison.
Wands
 h - a wand of disintegration (7)
 o - a wand of digging (17)
Scrolls
 d - a scroll of identify
 e - a scroll of recharging
 s - 2 scrolls of fog
Potions
 c - a potion of might
 g - a potion of invisibility
 i - a potion of flight
 l - a potion of resistance
 n - 4 potions of curing
 q - a potion of haste
 w - a potion of magic
Books
 a - a book of Callings

   Spells                             Type                      Level
   a - Summon Small Mammal            Summoning                    1
   b - Call Imp                       Summoning                    2
   c - Call Canine Familiar           Summoning                    3
   d - Summon Guardian Golem          Hexes/Summoning              3
   e - Summon Lightning Spire         Summoning/Air                4
   f - Summon Ice Beast               Ice/Summoning                4
Comestibles
 b - 4 meat rations
 j - 2 royal jellies
 m - a slice of pizza
 p - 2 fruits


   Skills:
 - Level 6.2 Dodging
 - Level 4.0 Stealth
 - Level 3.5 Unarmed Combat
 - Level 3.2 Spellcasting
 - Level 6.2 Hexes
 + Level 5.3 Summonings
 + Level 3.9 Ice Magic


You couldn't memorise any spells.
You knew the following spells:

 Your Spells              Type           Power        Failure   Level  Hunger
a - Summon Guardian Gole  Hex/Summ       ###.....     1%          3    ###....
b - Call Imp              Summ           ###.....     1%          2    ##.....
c - Call Canine Familiar  Summ           ###.....     2%          3    ###....
d - Summon Ice Beast      Ice/Summ       ###.....     12%         4    ####...


Dungeon Overview and Level Annotations

Branches:
Dungeon (7/15)             Temple (1/1) D:4

Altars:
Ashenzari
Cheibriados
Elyvilon
Fedhas
Gozag
Okawaru
Pakellas
Qazlal
Ru
Vehumet
Yredelemnul
Zin
The Shining One
Lugonu

Annotations:
D:7 Eustachio


Innate Abilities, Weirdness & Mutations

You cannot wear armour.
You are incapable of wielding weapons or throwing items.
You have sharp claws.
You have razor-sharp teeth.
You have supernaturally acute eyesight.
You are carnivorous and can eat meat at any time.
You cover ground quickly.
You are covered in thick fur (AC +2).
You have a slow metabolism.
Your sharp claws are effective at attacking unaware monsters.
You are partially covered in rugged brown scales (AC +1, +3% HP).
You passively map a small area around you.
You expend magic power (3 MP) to strengthen your wands.


Message History

Eustachio is severely wounded.
The quasit bites you.
* * * LOW HITPOINT WARNING * * *
You feel clumsy.
The quasit claws you but does no damage.
The quasit closely misses you. The quasit completely misses you.
The quasit completely misses you. The quasit closely misses you.
Eustachio mumbles some strange words.
You closely miss the orc. The quasit completely misses you.
The quasit claws you but does no damage.
The quasit closely misses you. The quasit bites you.
* * * LOW HITPOINT WARNING * * *
The quasit barely misses you.
The quasit claws you but does no damage.
Your ice beast barely misses the quasit.
The orc closely misses you. The white imp hits you.
* * * LOW HITPOINT WARNING * * *
The white imp freezes you.
You die...
Fedhas appreciates your contribution to the ecosystem.

......)..oW...# #...#
#......P .###.#.(.o###.##
#...# #.....f. #.####.#
#..# #...# #....... *,#.
#...##.####.######.######
, #. ###.##..(.§........#
# , #.
##.##..###.#####..# # #.
#..##..#.......#..# # ..
#..##.o#.#.###.#..######
*
#(...Y5@5.r..#(#..#.....
*
#.....5b@..#.#.#..#.###.
.....................(...
##...)...............#...
, *
#######.####.#.####:#.##
, , .....(.<#
#..#......#... , *
#######.#*#.##.####.#.#.
, ,#..*#.*#.# ....#. ≈ ≈
* ##.##. #.#* ..#.#


You could see Eustachio, 2 quasits, a white imp, an orc, a bat, a rat and a
friendly ice beast.

Vanquished Creatures
  Edmund (D:6)
  2 ogres
  2 giant frogs
  A water moccasin zombie (D:6)
  A scorpion (D:4)
  3 hounds
  A jelly (D:6)
  2 giant frog skeletons (D:5)
  4 worker ants
  2 iguanas (D:5)
  2 gnolls (D:6)
  2 adders
  An ooze (D:5)
  6 orcs
  4 giant cockroaches
  4 goblins
  4 hobgoblins
  4 jackals (D:6)
  A kobold (D:3)
  7 bats
  2 giant newts
  A quokka (D:6)
  4 rats (D:1)
61 creatures vanquished.

Vanquished Creatures (collateral kills)
  The ghost of ontamu the Grappler, a novice VSMo of Cheibriados (D:7)
  An ogre (D:6)
  A centaur (D:5)
  2 jellies
  A hound (D:5)
  2 worker ants
  2 orc priests (D:5)
  An iguana (D:5)
  A hound skeleton (D:5)
  5 gnolls
  3 adders
  5 worms
  A giant gecko (D:2)
  5 orcs
  A goblin (D:3)
  2 hobgoblins
  3 jackals (D:3)
37 creatures vanquished.

Vanquished Creatures (others)
  A wandering mushroom (D:7)
  26 toadstools
27 creatures vanquished.

Grand Total: 125 creatures vanquished

Notes
Turn   | Place    | Note
--------------------------------------------------------------
     0 | D:1      | Banto the Felid Summoner began the quest for the Orb.
     0 | D:1      | Reached XP level 1. HP: 7/7 MP: 4/4
   500 | D:1      | Reached XP level 2. HP: 11/11 MP: 6/6
   915 | D:1      | Learned a level 2 spell: Call Imp
  1172 | D:2      | Gained mutation: You expend magic power (3 MP) to strengthen your wands. [potion of mutation]
  1172 | D:2      | Gained mutation: You passively map a small area around you. [potion of mutation]
  1172 | D:2      | Gained mutation: You are partially covered in rugged brown scales (AC +1, +3% HP). [potion of mutation]
  2272 | D:3      | Reached XP level 3. HP: 14/14 MP: 7/7
  2342 | D:3      | Learned a level 3 spell: Call Canine Familiar
  2600 | D:3      | Found an opulent altar of Gozag.
  2627 | D:3      | Noticed a giant frog
  3008 | D:4      | Reached skill level 1 in Unarmed Combat
  3038 | D:4      | Reached XP level 4. HP: 15/18 MP: 6/8
  3216 | D:4      | Found a staircase to the Ecumenical Temple.
  3227 | Temple   | Entered the Ecumenical Temple
  3819 | D:4      | Reached skill level 5 in Dodging
  3904 | D:3      | Killed a giant frog
  3904 | D:3      | Reached XP level 5. HP: 8/21 MP: 1/9
  4329 | D:4      | Learned a level 3 spell: Summon Guardian Golem
  5057 | D:4      | Found a blossoming altar of Fedhas.
  5060 | D:4      | Became a worshipper of Fedhas Madash
  5150 | D:5      | Entered Level 5 of the Dungeon
  5265 | D:5      | Reached skill level 6 in Dodging
  5285 | D:5      | Gained mutation: You are covered in thick fur (AC +2). [Felid growth]
  5285 | D:5      | Reached XP level 6. HP: 20/24 MP: 10/10
  5385 | D:5      | Reached skill level 1 in Hexes
  5638 | D:5      | Found a shattered altar of Ashenzari.
  5935 | D:5      | Reached XP level 7. HP: 18/27 MP: 3/12
  5951 | D:5      | Learned a level 4 spell: Summon Ice Beast
  5959 | D:5      | Found an iron altar of Okawaru.
  6140 | D:5      | Found a snail-covered altar of Cheibriados.
  6312 | D:5      | Found a white marble altar of Elyvilon.
  6372 | D:5      | Killed from afar by an orc priest
  6373 | D:5      | Reached XP level 6. HP: -3/24 MP: 3/11
  6533 | D:5      | Found a stormy altar of Qazlal.
  6836 | D:5      | Reached skill level 1 in Ice Magic
  7202 | D:6      | Reached skill level 5 in Hexes
  7245 | D:6      | Noticed Eustachio
  7538 | D:6      | Noticed Edmund
  7573 | D:6      | Slain by Edmund
  7574 | D:6      | Reached XP level 5. HP: -2/21 MP: 2/10
  7574 | D:6      | Noticed an ogre
  7587 | D:6      | Killed an ogre
  7587 | D:6      | Reached XP level 6. HP: 14/24 MP: 7/11
  7764 | D:6      | Killed Edmund
  7773 | D:6      | Reached * piety under Fedhas
  7800 | D:6      | Found a glowing golden altar of the Shining One.
  8293 | D:6      | Reached XP level 7. HP: 27/27 MP: 7/12
  8339 | D:7      | Got a pitted granite ring
  8343 | D:7      | Identified the ring "Buwkoz" {rPois Dex+3} (You found it on level 7 of the Dungeon)
  8462 | D:7      | Noticed ontamu's ghost (novice VSMo)
  8498 | D:7      | Killed ontamu's ghost
  8498 | D:7      | Reached skill level 5 in Summonings
  8511 | D:7      | Slain by a white imp

Vault maps used:
D:1:      dpeg_arrival_three_smaller_balls
D:3:      nicolae_gozag_seed_capital, nicolae_overflow_hidden_temple,
          kennysheep_potato
D:4:      kennysheep_mini, minmay_temple_entry_statues_pillars, minivault_24,
          kennysheep_cross_bottleneck, minivault_25
D:5:      cheibrodos_worm_habitat, cheibrodos_ashenzari_chains, okawaru_trees_2,
          nicolae_qazlal_eye_of_the_storm, first_bread, elyvilon_altar_1
D:6:      lemuel_round_altar, hangedman_abyss_or_decor_jellyfish_corner,
          uniq_eustachio, uniq_edmund
D:7:      nemelex_deck, bloody_makhleb, enter_bailey_3, uniq_prince_ribbit1,
          uniq_pikel
Temple:   corrupted_temple

Action                   |  1- 3 |  4- 6 |  7- 9 || total
-------------------------+-------+-------+-------++-------
Melee: Unarmed           |   101 |   196 |    39 ||   336
 Cast: Summon Small Mamm |    11 |       |       ||    11
       Call Imp          |    16 |    10 |     3 ||    29
       Call Canine Famil |     3 |    26 |     5 ||    34
       Summon Ice Beast  |       |    10 |     3 ||    13
Invok: Evolution         |       |     1 |       ||     1
  Use: Scroll            |    12 |     4 |     1 ||    17
       Potion            |     1 |       |       ||     1
 Stab: Sleeping          |    12 |     6 |     1 ||    19
       Distracted        |       |     4 |       ||     4
  Eat: Chunk             |    11 |    17 |       ||    28
       Meat ration       |       |     1 |       ||     1
